 Dungeon Crawl Stone Soup version 0.29.0-5-ge4962eb29e (webtiles) character file.

Game seed: 10868561192565695596

2 Zeldest the Sneak (level 1, 0/18 HPs)
             Began as a Mummy Delver on Aug 30, 2022.
             Slain by an orc wizard
             ... wielding a +0 dagger
              (3 damage)
             ... on level 5 of the Dungeon.
             The game lasted 00:00:07 (12 turns).

Zeldest the Sneak (Mummy Delver)                      Turns: 12, Time: 00:00:07

Health: 0/18       AC:  3    Str: 15    XL:     1   Next: 25%
Magic:  1/1        EV: 11    Int:  9    God:
Gold:   0          SH:  0    Dex: 13    Spells: 0/0 levels left

rFire   x . .      SeeInvis .   a - +0 hand axe
rCold   + . .      Faith    .   (no shield)
rNeg    + + +      Spirit   .   b - +0 leather armour
rPois   ∞          Reflect  .   (no helmet)
rElec   .          Harm     .   (no cloak)
rCorr   .          Rampage  .   (no gloves)
Will    .....                   (no boots)
Stlth   +.........              (no amulet)
HPRegen 0.06/turn               (no ring)
MPRegen 0.07/turn               (no ring)

@: confused
A: cold resistance 1, negative energy resistance 3, torment resistance 2, heat
vulnerability 1, no potions
a: no special abilities


You were on level 5 of the Dungeon.
You visited 1 branch of the dungeon, and saw 1 of its levels.

Inventory:

Hand Weapons
 a - a +0 hand axe (weapon)
Armour
 b - a +0 leather armour (worn)
Wands
 f - a wand of digging (3)
Scrolls
 c - a scroll of fog
 d - a scroll of magic mapping
 e - a scroll of fear


   Skills:
 + Level 3.0 Fighting
 * Level 1.7 Axes
 - Level 1.5 Dodging
 - Level 4.1 Stealth


You couldn't memorise any spells.
You didn't know any spells.
Your spell library was empty.

Dungeon Overview and Level Annotations

Branches:
Dungeon (5/15)             Temple (0/1) D:5

Altars:


Innate Abilities, Weirdness & Mutations

You are immune to poison.
Your flesh is cold resistant. (rC+)
You are immune to negative energy. (rN+++)
You are immune to unholy pain and torment.
You are vulnerable to heat. (rF-)
You do not drink.


Message History

There are monsters nearby!
The orc closely misses you. The orc wizard closely misses you.
You hit the orc wizard.
The orc wizard is lightly wounded.
You closely miss the orc.
The orc wizard hits you with a +0 dagger.
You hit the orc wizard.
The orc wizard is heavily wounded.
You hit the orc.
You hit the orc wizard but do no damage.
The orc hits you with a +0 dagger.
The orc wizard hits you with a +0 dagger.
The orc wizard gestures at you while chanting.
You are confused.
You hit the orc wizard.
The orc wizard is severely wounded.
You hit the orc but do no damage. You closely miss the orc wizard.
You closely miss the orc. The orc hits you with a +0 falchion.
The orc hits you but does no damage.
The orc wizard hits you but does no damage.
The orc wizard hits you with a +0 dagger.
You hit the orc.
You kill the orc!
You hit the orc wizard. You barely miss the orc wizard. You hit the orc.
You completely miss the orc. The orc hits you but does no damage.
The orc hits you with a +0 falchion.
The orc wizard hits you with a +0 dagger.
* * * LOW HITPOINT WARNING * * *
The orc wizard barely misses you.
You bump into the stone wall.
The orc wizard hits you but does no damage.
The orc hits you but does no damage. The orc barely misses you.
The orc wizard hits you with a +0 dagger.
* * * LOW HITPOINT WARNING * * *
You closely miss the orc wizard.
The orc wizard is severely wounded.
You hit the orc but do no damage. You barely miss the orc.
You barely miss the orc wizard. The orc hits you but does no damage. x2
The orc wizard hits you with a +0 dagger.
You die...

##+# ##...#
##.....## #
#......>##.###.#
.........#......
.........'......
.........####..<
#.##.##.##
......o@)#
......ooo..#
..⌠...⌠..#....#
.........#..#.#
....>..... ## .
.........##
..⌠...⌠..#
..........


You could see 2 orc wizards and 2 orcs.

Vanquished Creatures
  An orc (D:5)
1 creature vanquished.

Notes
Turn   | Place    | Note
-------+----------+-------------------------------------------
     0 | D:5      | Zeldest the Mummy Delver began the quest for the Orb.
     0 | D:5      | Reached XP level 1. HP: 18/18 MP: 1/1
     3 | D:5      | Found a staircase to the Ecumenical Temple.
     3 | D:5      | Noticed an orc wizard
     4 | D:5      | Noticed an orc wizard
    12 | D:5      | Slain by an orc wizard

Illustrated notes

Levels and vault maps discovered:
D:5:      layout_loops_corners, minmay_temple_entry_large_hall,
          uniq_blork_the_orc

Action                   || total
-------------------------++-------
Melee: Hand axe          ||     5
Armor: Leather armour    ||     7
Dodge: Dodged            ||     4
